[Event "WCCC U10 2019"]
[Site "Weifang"]
[Date "2019.08.22"]
[Round "2.8"]
[White "Efimov, Leonid"]
[Black "Xiong, Junyi"]
[Result "0-1"]
[ECO "E18"]
[WhiteElo "1773"]
[BlackElo "1440"]
[Annotator "NA"]
[PlyCount "86"]
[EventDate "2019.08.21"]
[EventType "swiss"]
[EventCountry "CHN"]
[SourceTitle "playchess.com"]
[Source "ChessBase"]
[SourceQuality "1"]
[TimeControl "40/5400+30:1800+30"]

1. Nf3 Nf6 2. g3 b6 3. Bg2 Bb7 4. O-O e6 5. c4 Be7 6. d4 O-O 7. Nc3 d6 8. Re1 Nbd7 9. e4 e5 10. b3 a5 11. Bb2 Re8 12. Qc2 exd4 13. Nxd4 Bf8 14. Rad1 Nc5 15. f4 Nfd7 16. a3 g6 17. b4 axb4 18. axb4 Ne6 19. e5 Bxg2 20. Qxg2 Nxd4 21. Rxd4 dxe5 22. fxe5 Bd6 23. exd6 Rxe1+ 24. Kf2 Qe8 25. Ne4 Rb1 26. Rd2 Ra2 27. Kf3 cxd6 28. Bd4 Rb3+ 29. Kf4 Rxd2 30. Qxd2 Qe6 31. g4 Ne5 32. Kg5 Nf3+ 33. Kh6 Nxd2 34. Nf6+ Kf8 35. Nxh7+ Ke7 36. Bf6+ Ke8 37. Kg7 Rh3 38. Ng5 Qxg4 39. Nxh3 Qxh3 40. Bd4 Ne4 41. Bxb6 Qc3+ 42. Kh7 Kf8 43. h4 Qg7# 0-1

[Event "WCCC U10 2019"]
[Site "Weifang"]
[Date "2019.08.22"]
[Round "2.9"]
[White "Sodbileg, Uranjargal"]
[Black "Wongso, Steve"]
[Result "1/2-1/2"]
[ECO "C55"]
[WhiteElo "1419"]
[BlackElo "1765"]
[Annotator "NA"]
[PlyCount "128"]
[EventDate "2019.08.21"]
[EventType "swiss"]
[EventCountry "CHN"]
[SourceTitle "playchess.com"]
[Source "ChessBase"]
[SourceQuality "1"]
[TimeControl "40/5400+30:1800+30"]

1. e4 e5 2. Nf3 Nc6 3. Bc4 Nf6 4. d3 Be7 5. c3 O-O 6. Bb3 d6 7. Nbd2 Na5 8. Bc2 c5 9. O-O Nc6 10. Re1 h6 11. Nf1 Be6 12. Ng3 Rc8 13. h3 Re8 14. Bd2 Bf8 15. a3 Qc7 16. Nh4 d5 17. Qf3 Qd8 18. Rad1 d4 19. Bc1 g6 20. Qe2 b5 21. Nf3 Bg7 22. Nf1 Nh5 23. c4 bxc4 24. dxc4 Na5 25. b3 Qb6 26. Rd3 Kh7 27. Kh2 f5 28. Nh4 fxe4 29. Qxe4 Bf7 30. Rf3 Nf6 31. Rxf6 Qxf6 32. Ng3 Qc6 33. Qd3 Bf6 34. Nf3 Nb7 35. Qd2 Bg7 36. Be4 Qd7 37. Nh5 Rh8 38. Nxg7 Kxg7 39. Nxe5 Qc7 40. f4 Nd6 41. Bc2 Rce8 42. Qd3 Re6 43. Bb2 Rhe8 44. b4 Nf5 45. bxc5 Qxc5 46. g4 Rxe5 47. fxe5 Bxc4 48. Qd2 Nh4 49. Kg3 g5 50. Qxd4 Qxd4 51. Bxd4 Be6 52. Rf1 Rc8 53. Bf5 Rf8 54. Bxa7 Nxf5+ 55. gxf5 Rxf5 56. Rxf5 Bxf5 57. h4 gxh4+ 58. Kxh4 Bd7 59. Bd4 Kf7 60. Kh5 Ke6 61. Kxh6 Kd5 62. Bb2 Kc4 63. Kg7 Kb3 64. Bc1 Ka4 1/2-1/2

[Event "WCCC U10 2019"]
[Site "Weifang"]
[Date "2019.08.22"]
[Round "2.10"]
[White "Lee, William Joseph"]
[Black "Mayank Chakraborty"]
[Result "0-1"]
[ECO "E11"]
[WhiteElo "1395"]
[BlackElo "1731"]
[Annotator "NA"]
[PlyCount "88"]
[EventDate "2019.08.21"]
[EventType "swiss"]
[EventCountry "CHN"]
[SourceTitle "playchess.com"]
[Source "ChessBase"]
[SourceQuality "1"]
[TimeControl "40/5400+30:1800+30"]

1. d4 Nf6 2. c4 e6 3. Nf3 Bb4+ 4. Bd2 Qe7 5. Nc3 Bxc3 6. Bxc3 Ne4 7. Qc2 f5 8. e3 O-O 9. Bd3 Nxc3 10. Qxc3 d6 11. O-O b6 12. Rac1 Bb7 13. d5 e5 14. e4 f4 15. Rfd1 Nd7 16. b4 Kh8 17. Bf1 h6 18. Nd2 a5 19. a3 a4 20. f3 Rf6 21. Nb1 g5 22. Kf2 Rg6 23. Ke2 g4 24. Kd2 Qh4 25. Kc2 Qxh2 26. Nd2 Rag8 27. fxg4 Nf6 28. Nf3 Qg3 29. Rd3 Qxg4 30. Nh2 Qd7 31. Re1 Rg3 32. Nf3 Qe8 33. Nh4 Bc8 34. c5 Qh5 35. Nf3 bxc5 36. bxc5 Ba6 37. Rdd1 Bxf1 38. Rxf1 Rxg2+ 39. Kc1 Nxe4 40. Qa5 Nxc5 41. Qxc7 Nb3+ 42. Kb1 Qg6+ 43. Rd3 Qxd3+ 44. Qc2 Qxc2# 0-1

[Event "WCCC U10 2019"]
[Site "Weifang"]
[Date "2019.08.23"]
[Round "3.1"]
[White "Materia, Marco"]
[Black "Deladerriere, Apollo"]
[Result "1-0"]
[ECO "A77"]
[WhiteElo "2236"]
[BlackElo "1690"]
[Annotator "ChessBase"]
[PlyCount "129"]
[EventDate "2019.08.21"]
[EventType "swiss"]
[EventCountry "CHN"]
[SourceTitle "playchess.com"]
[Source "ChessBase"]
[SourceQuality "1"]
[TimeControl "40/5400+30:1800+30"]

1. d4 e6 2. c4 c5 3. d5 exd5 4. cxd5 d6 5. Nc3 Nf6 6. Nf3 g6 7. Nd2 Bg7 8. e4 O-O 9. Be2 Re8 10. O-O a6 11. a4 Nbd7 12. Re1 Qe7 13. h3 g5 14. Nf1 h6 15. Ng3 Ne5 16. Be3 Bd7 17. Rb1 Rac8 18. Qd2 Ng6 19. Qd1 Qe5 20. Bg4 Nxg4 21. hxg4 Qe7 22. Nf5 Bxf5 23. exf5 Ne5 24. f3 Qd7 25. Ne4 Qd8 26. Bf2 Rc7 27. b4 c4 28. Bb6 Nd3 29. Bxc7 Bd4+ 30. Kh2 Qxc7 31. Nf6+ Bxf6 32. Rxe8+ Kg7 33. Qe2 Nf4 34. Qe4 c3 35. g3 Qb6 36. gxf4 Qf2+ 37. Kh1 c2 38. Rc1 Qh4+ 39. Kg2 gxf4 40. Rxc2 Qg3+ 41. Kf1 Qh3+ 42. Ke2 Qg2+ 43. Kd3 Qf1+ 44. Qe2 Qb1 45. Re4 Qb3+ 46. Kd2 Qxa4 47. Ke1 Qa1+ 48. Qd1 Qa3 49. Kf1 Qa4 50. Kg2 Bg5 51. Qd4+ Bf6 52. Qd3 Bg5 53. Rce2 a5 54. b5 Qa1 55. Qd4+ Qxd4 56. Rxd4 b6 57. Re8 a4 58. Rxa4 h5 59. gxh5 f6 60. Ra6 Kf7 61. Re6 Bh6 62. Ra7+ Kg8 63. Re8+ Bf8 64. Kh1 Kh8 65. Rxf8# 1-0

[Event "WCCC U10 2019"]
[Site "Weifang"]
[Date "2019.08.23"]
[Round "3.2"]
[White "Ilamparthi A R"]
[Black "Pham, Tran Gia Phuc"]
[Result "1/2-1/2"]
[ECO "E18"]
[WhiteElo "1984"]
[BlackElo "1645"]
[Annotator "NA"]
[PlyCount "136"]
[EventDate "2019.08.21"]
[EventType "swiss"]
[EventCountry "CHN"]
[SourceTitle "playchess.com"]
[Source "ChessBase"]
[SourceQuality "1"]
[TimeControl "40/5400+30:1800+30"]

1. Nf3 Nf6 2. g3 b6 3. Bg2 Bb7 4. O-O e6 5. d4 Be7 6. c4 O-O 7. Nc3 Ne4 8. Nxe4 Bxe4 9. Bf4 d6 10. Rc1 Nd7 11. Qd2 h6 12. b4 f5 13. h4 Nf6 14. Ne1 Bxg2 15. Nxg2 Ne4 16. Qd3 g5 17. f3 gxf4 18. fxe4 fxg3 19. Qxg3+ Kh8 20. exf5 exf5 21. Qe3 Rf6 22. Rxf5 Rg6 23. h5 Bg5 24. Qe4 Rg7 25. Rcf1 Re7 26. Qf3 Qe8 27. Nf4 Bxf4 28. Qxf4 Rg7+ 29. Kf2 Kh7 30. Rf6 Rg5 31. Rxh6+ Kxh6 32. Qf6+ Kh7 33. Qxg5 Qe4 34. Qg6+ Qxg6 35. hxg6+ Kxg6 36. Ke3 Re8+ 37. Kd3 c5 38. bxc5 bxc5 39. e3 Re7 40. Rf8 Kg5 41. Rd8 cxd4 42. exd4 Re6 43. Rf8 Kg6 44. c5 dxc5 45. dxc5 Kg7 46. Rf2 Rf6 47. Rxf6 Kxf6 48. Kd4 Ke6 49. a4 Ke7 50. Ke5 Kd7 51. Kd5 Kc7 52. a5 Kd7 53. Kc4 Kc6 54. Kb4 Kc7 55. Kb3 Kb7 56. Kc3 Kc7 57. Kb4 Kc6 58. Kc4 Kc7 59. Kd5 Kd7 60. c6+ Kc7 61. Kc5 Kd8 62. Kc4 Kc7 63. Kb5 Kc8 64. Ka6 Kc7 65. Kxa7 Kxc6 66. a6 Kc7 67. Ka8 Kc8 68. a7 Kc7 1/2-1/2

[Event "WCCC U10 2019"]
[Site "Weifang"]
[Date "2019.08.23"]
[Round "3.3"]
[White "Wei, Jianzhou"]
[Black "Bharadia Yash"]
[Result "1/2-1/2"]
[ECO "D37"]
[WhiteElo "1656"]
[BlackElo "1963"]
[Annotator "NA"]
[PlyCount "78"]
[EventDate "2019.08.21"]
[EventType "swiss"]
[EventCountry "CHN"]
[SourceTitle "playchess.com"]
[Source "ChessBase"]
[SourceQuality "1"]
[TimeControl "40/5400+30:1800+30"]

1. d4 Nf6 2. c4 e6 3. Nf3 d5 4. Nc3 Be7 5. Bf4 c5 6. dxc5 Bxc5 7. e3 O-O 8. Qc2 Qa5 9. Rd1 Nc6 10. a3 Be7 11. Be2 dxc4 12. Bxc4 Nh5 13. Bd6 Bxd6 14. Rxd6 Ne5 15. Be2 Nf6 16. O-O Ng6 17. Rfd1 Qc7 18. Qb1 Qe7 19. h3 b6 20. Bb5 Rb8 21. Bc6 Bb7 22. Bxb7 Rxb7 23. Qd3 h6 24. b4 Rc7 25. Nb5 Rcc8 26. Nc3 Kh8 27. b5 Nd5 28. Rc6 Rcd8 29. Qc4 Qxa3 30. Nxd5 exd5 31. Rxd5 Rxd5 32. Qxd5 Qa1+ 33. Kh2 Qb2 34. Kg1 Qa1+ 35. Kh2 Qb2 36. Kg1 Qa1+ 37. Kh2 Qb2 38. Kg3 Ne7 39. Qd6 Nf5+ {Qd5 Ne7} 1/2-1/2

[Event "WCCC U10 2019"]
[Site "Weifang"]
[Date "2019.08.23"]
[Round "3.4"]
[White "Daakshin, Arun"]
[Black "Kong, Xiangrui"]
[Result "0-1"]
[ECO "D36"]
[WhiteElo "1628"]
[BlackElo "1889"]
[Annotator "NA"]
[PlyCount "88"]
[EventDate "2019.08.21"]
[EventType "swiss"]
[EventCountry "CHN"]
[SourceTitle "playchess.com"]
[Source "ChessBase"]
[SourceQuality "1"]
[TimeControl "40/5400+30:1800+30"]

1. d4 d5 2. c4 e6 3. Nc3 Nf6 4. cxd5 exd5 5. Bg5 c6 6. Nf3 Be7 7. e3 Nbd7 8. Bd3 Nh5 9. Bxe7 Qxe7 10. O-O O-O 11. Qd2 Nhf6 12. Qc2 Re8 13. Rfe1 Ne4 14. Nd2 f5 15. f3 Nxd2 16. Qxd2 Nf6 17. Rac1 Bd7 18. a3 Rac8 19. b4 Qd6 20. Kh1 Re7 21. Rb1 Rce8 22. a4 Kh8 23. a5 f4 24. e4 dxe4 25. Bxe4 b6 26. Red1 Be6 27. axb6 axb6 28. b5 Bd5 29. Bc2 Re3 30. Rdc1 c5 31. dxc5 Qxc5 32. Na4 Qd6 33. Qd4 Rxf3 34. Qxb6 Qe5 35. Kg1 Re3 36. Rf1 Qg5 37. g3 fxg3 38. h3 Re2 39. Rxf6 gxf6 40. Be4 R8xe4 41. Qd8+ Re8 42. Qxe8+ Rxe8 43. Kf1 Qf4+ 44. Kg1 Qf2# {[%emt 0:00:02] Ra1} 0-1

[Event "WCCC U10 2019"]
[Site "Weifang"]
[Date "2019.08.23"]
[Round "3.5"]
[White "Mayank Chakraborty"]
[Black "Raghu, Ram Reddy Seelam"]
[Result "1/2-1/2"]
[ECO "C82"]
[WhiteElo "1731"]
[BlackElo "1631"]
[Annotator "NA"]
[PlyCount "78"]
[EventDate "2019.08.21"]
[EventType "swiss"]
[EventCountry "CHN"]
[SourceTitle "playchess.com"]
[Source "ChessBase"]
[SourceQuality "1"]
[TimeControl "40/5400+30:1800+30"]

1. e4 e5 2. Nf3 Nc6 3. Bb5 a6 4. Ba4 Nf6 5. O-O Nxe4 6. d4 b5 7. Bb3 d5 8. dxe5 Be6 9. Nbd2 Nc5 10. c3 Be7 11. Bc2 d4 12. Nb3 dxc3 13. Nxc5 Bxc5 14. Be4 Qxd1 15. Rxd1 Bd7 16. bxc3 O-O-O 17. Bg5 Ne7 18. a4 h6 19. Bxe7 Bxe7 20. axb5 Bxb5 21. Nd4 Bc5 22. Nxb5 Rxd1+ 23. Rxd1 axb5 24. Rd5 Bb6 25. Rxb5 Rd8 26. Rd5 Rxd5 27. Bxd5 f6 28. e6 Kd8 29. g4 Ke7 30. Kg2 c6 31. Bxc6 Kxe6 32. Be8 f5 33. h3 fxg4 34. hxg4 Ba5 35. c4 Bc3 36. f4 Kd6 37. Kf3 Kc5 38. Bf7 Bb2 39. Ke4 Ba1 1/2-1/2

[Event "WCCC U10 2019"]
[Site "Weifang"]
[Date "2019.08.23"]
[Round "3.6"]
[White "Xiong, Junyi"]
[Black "Chennareddy, Yuvraj"]
[Result "1-0"]
[ECO "D44"]
[WhiteElo "1440"]
[BlackElo "1727"]
[Annotator "NA"]
[PlyCount "85"]
[EventDate "2019.08.21"]
[EventType "swiss"]
[EventCountry "CHN"]
[SourceTitle "playchess.com"]
[Source "ChessBase"]
[SourceQuality "1"]
[TimeControl "40/5400+30:1800+30"]

1. d4 d5 2. c4 e6 3. Nf3 Nf6 4. Nc3 c6 5. Bg5 dxc4 6. a4 b5 7. axb5 cxb5 8. Bxf6 gxf6 9. e3 Bd7 10. Be2 Qc7 11. O-O Be7 12. d5 e5 13. Ne4 Qb7 14. Ng3 Na6 15. e4 Nc5 16. Nd2 Na4 17. Qc2 Rc8 18. b3 cxb3 19. Qxb3 Rc3 20. Qd1 Qc7 21. Bg4 Bb4 22. Bxd7+ Qxd7 23. Rb1 a5 24. Nh5 Be7 25. f4 Rg8 26. fxe5 fxe5 27. Rf5 Rg5 28. Rxg5 Bxg5 29. Nf3 Be3+ 30. Kh1 Qc8 31. d6 Qd8 32. d7+ Ke7 33. Nxe5 Rc5 34. Qf3 Bg5 35. Qf5 h6 36. Rd1 f6 37. Ng6+ Kf7 38. e5 b4 39. e6+ Kg8 40. e7 Rxf5 41. e8=Q+ Qxe8 42. dxe8=Q+ Kh7 43. Qf7# 1-0

[Event "WCCC U10 2019"]
[Site "Weifang"]
[Date "2019.08.23"]
[Round "3.7"]
[White "Mamedov, Edgar"]
[Black "Sowinski, Pawel"]
[Result "1-0"]
[ECO "D38"]
[WhiteElo "1714"]
[BlackElo "1582"]
[Annotator "NA"]
[PlyCount "103"]
[EventDate "2019.08.21"]
[EventType "swiss"]
[EventCountry "CHN"]
[SourceTitle "playchess.com"]
[Source "ChessBase"]
[SourceQuality "1"]
[TimeControl "40/5400+30:1800+30"]

1. d4 d5 2. Nf3 Nf6 3. c4 e6 4. Nc3 Bb4 5. Bg5 h6 6. Bxf6 Qxf6 7. e3 O-O 8. cxd5 exd5 9. Qb3 c5 10. a3 Bxc3+ 11. bxc3 c4 12. Qb2 Nc6 13. Be2 Rb8 14. a4 Bf5 15. O-O Qd6 16. Nd2 Qe6 17. Rfe1 g5 18. e4 Bxe4 19. Bxc4 Qg6 20. Nxe4 dxc4 21. Nd2 Rfc8 22. d5 Na5 23. Qb4 b6 24. Ne4 f5 25. Nd6 Rc5 26. Re6 Qh7 27. Ne8 Qf7 28. Rae1 Rd8 29. Qb1 Rdxd5 30. Nf6+ Kf8 31. Nxd5 Rxd5 32. h4 Nb3 33. Rxh6 gxh4 34. Ree6 Kg7 35. Qe1 Rd7 36. Reg6+ Qxg6 37. Rxg6+ Kxg6 38. Qe6+ Kg5 39. Qxd7 Kf4 40. Qxa7 Ke4 41. Qxb6 Kd3 42. Qb4 Nd2 43. a5 Ke2 44. a6 h3 45. a7 Nf1 46. Qxc4+ Kd2 47. Qxf1 h2+ 48. Kxh2 f4 49. a8=Q f3 50. Qa2+ Kxc3 51. Qc1+ Kd3 52. Qac4# 1-0

[Event "WCCC U10 2019"]
[Site "Weifang"]
[Date "2019.08.23"]
[Round "3.8"]
[White "Hvozdz, Aliaksandr"]
[Black "Zhang, Lichen"]
[Result "1/2-1/2"]
[ECO "B31"]
[WhiteElo "1699"]
[BlackElo "1482"]
[Annotator "NA"]
[PlyCount "78"]
[EventDate "2019.08.21"]
[EventType "swiss"]
[EventCountry "CHN"]
[SourceTitle "playchess.com"]
[Source "ChessBase"]
[SourceQuality "1"]
[TimeControl "40/5400+30:1800+30"]

1. e4 c5 2. Nf3 Nc6 3. Bb5 g6 4. Bxc6 dxc6 5. d3 Bg7 6. h3 Nf6 7. Nc3 Nd7 8. Be3 e5 9. Qd2 b6 10. Bh6 O-O 11. Bxg7 Kxg7 12. O-O Re8 13. Nh2 Nf8 14. f4 exf4 15. Qxf4 Qe7 16. Ng4 Bxg4 17. Qxg4 Ne6 18. Rf2 h5 19. Qg3 Qg5 20. Qxg5 Nxg5 21. Raf1 Re7 22. b3 Ne6 23. e5 Nd4 24. Ne4 Nf5 25. Nd6 Nxd6 26. exd6 Rd7 27. Re2 Rad8 28. Rfe1 Rxd6 29. Re8 Rxe8 30. Rxe8 Re6 31. Ra8 Re7 32. Kf2 Rc7 33. h4 Kf6 34. Kf3 Ke5 35. Ke3 Re7 36. Rc8 Kd5+ 37. Kd2 Ke5 38. Ke3 Kd6+ 39. Kf3 Rc7 1/2-1/2

[Event "WCCC U10 2019"]
[Site "Weifang"]
[Date "2019.08.23"]
[Round "3.9"]
[White "Nguyen, Anh Khoa"]
[Black "Xie, Bryan"]
[Result "0-1"]
[ECO "B35"]
[WhiteElo "1341"]
[BlackElo "1696"]
[Annotator "NA"]
[PlyCount "120"]
[EventDate "2019.08.21"]
[EventType "swiss"]
[EventCountry "CHN"]
[SourceTitle "playchess.com"]
[Source "ChessBase"]
[SourceQuality "1"]
[TimeControl "40/5400+30:1800+30"]

1. e4 c5 2. Nf3 Nc6 3. d4 cxd4 4. Nxd4 g6 5. Nc3 Bg7 6. Be3 Nf6 7. Bc4 O-O 8. Bb3 d6 9. h3 Bd7 10. O-O Nxd4 11. Bxd4 Bc6 12. Re1 a5 13. a4 Nd7 14. Nd5 Bxd4 15. Qxd4 Nc5 16. f4 Re8 17. f5 Nxb3 18. cxb3 Bxd5 19. Qxd5 Qb6+ 20. Kh1 Rac8 21. fxg6 hxg6 22. Rf1 Rf8 23. Rf4 Rc5 24. Qd3 Qc6 25. Raf1 Rc1 26. Kh2 Rxf1 27. Qxf1 Qc2 28. Qb5 Qxb2 29. Qxb7 Qe5 30. g3 Qb2+ 31. Kg1 Qc1+ 32. Rf1 Qe3+ 33. Kg2 e6 34. h4 Kg7 35. Rf2 Kh6 36. Qe7 Qxe4+ 37. Kh2 Kg7 38. Qxd6 Qe3 39. Rf4 Qe2+ 40. Kh3 Qe1 41. Qc6 Rd8 42. Qf3 f5 43. Rc4 Rd3 44. Qg2 e5 45. h5 f4 46. Rc7+ Kh6 47. Kh4 g5+ 48. Kg4 Rxg3+ 49. Qxg3 Qxg3+ 50. Kf5 Qd3+ 51. Kg4 f3 52. Rc6+ Kg7 53. Rc7+ Kf8 54. Rc8+ Ke7 55. Rc7+ Kd8 56. Rg7 f2 57. Rf7 f1=Q 58. Rxf1 Qxf1 59. h6 Qf4+ 60. Kh3 g4+ 0-1

[Event "WCCC U10 2019"]
[Site "Weifang"]
[Date "2019.08.23"]
[Round "3.10"]
[White "Yu, Tianxi"]
[Black "Renji, Rafael Ninan"]
[Result "1-0"]
[ECO "E97"]
[WhiteElo "1694"]
[BlackElo "1446"]
[Annotator "NA"]
[PlyCount "109"]
[EventDate "2019.08.21"]
[EventType "swiss"]
[EventCountry "CHN"]
[SourceTitle "playchess.com"]
[Source "ChessBase"]
[SourceQuality "1"]
[TimeControl "40/5400+30:1800+30"]

1. d4 Nf6 2. c4 g6 3. Nc3 Bg7 4. e4 d6 5. Nf3 O-O 6. Be2 Nbd7 7. O-O e5 8. dxe5 Nxe5 9. Nxe5 dxe5 10. Qxd8 Rxd8 11. Bg5 Rd4 12. Be3 Rd7 13. c5 c6 14. f3 Rd8 15. Bc4 Be6 16. Bxe6 fxe6 17. Rfd1 Kf7 18. Kf2 Ke7 19. Ke2 Rxd1 20. Rxd1 Rd8 21. b4 Rxd1 22. Nxd1 Kd7 23. Nb2 Nh5 24. g3 Nf6 25. Nc4 Ne8 26. Bc1 Nc7 27. Bb2 Nb5 28. Nxe5+ Ke8 29. a4 Nc7 30. Nc4 Bxb2 31. Nxb2 Ke7 32. Kd3 b6 33. cxb6 axb6 34. a5 bxa5 35. bxa5 Kd6 36. Kc4 Na6 37. Nd3 e5 38. Nb4 Nc7 39. Nd3 Na6 40. f4 exf4 41. gxf4 h5 42. e5+ Ke7 43. Nc5 Nc7 44. a6 Nb5 45. Ne4 Ke6 46. Kc5 Nc7 47. a7 Kd7 48. Kb6 c5 49. Nxc5+ Kc8 50. Kc6 Na8 51. e6 Nc7 52. e7 Ne6 53. e8=Q+ Nd8+ 54. Kb6 g5 55. a8=Q# 1-0

[Event "WCCC U10 2019"]
[Site "Weifang"]
[Date "2019.08.24"]
[Round "4.1"]
[White "Xie, Bryan"]
[Black "Materia, Marco"]
[Result "0-1"]
[ECO "C56"]
[WhiteElo "1696"]
[BlackElo "2236"]
[Annotator "ChessBase"]
[PlyCount "121"]
[EventDate "2019.08.21"]
[EventType "swiss"]
[EventCountry "CHN"]
[SourceTitle "playchess.com"]
[Source "ChessBase"]
[SourceQuality "1"]
[TimeControl "40/5400+30:1800+30"]

1. e4 e5 2. Nf3 Nc6 3. d4 exd4 4. Bc4 Nf6 5. e5 Ne4 6. O-O d5 7. Bb5 Bg4 8. Bf4 Bc5 9. Nbd2 g5 10. Bg3 h5 11. h3 Bd7 12. Bxc6 bxc6 13. Nxe4 dxe4 14. Nxd4 Qe7 15. Nb3 Bb6 16. Qe2 h4 17. Bh2 e3 18. fxe3 Rg8 19. Nd4 g4 20. e6 Bxe6 21. hxg4 Rxg4 22. Nxe6 Qxe6 23. Qf3 O-O-O 24. Qxf7 Qxf7 25. Rxf7 Rd2 26. Be5 Bxe3+ 27. Kh1 Bb6 28. Rg7 Rdxg2 29. Rxg4 Rxg4 30. Rd1 Re4 31. Bf6 Bf2 32. Rd2 Rf4 33. Be5 Rf5 34. Re2 h3 35. Kh2 Rf3 36. Rd2 Be1 37. Re2 Bb4 38. c4 Bd6 39. Bxd6 cxd6 40. Re7 Rf2+ 41. Kxh3 Rxb2 42. Rxa7 Rb4 43. Kg4 Rxc4+ 44. Kf5 Rd4 45. Ke6 c5 46. Ra6 Kc7 47. Ra7+ Kc6 48. Ra8 Re4+ 49. Kf5 Re7 50. Rc8+ Kd5 51. a4 Ra7 52. Kf4 Kd4 53. Kf3 Rxa4 54. Ke2 Ra2+ 55. Kd1 c4 56. Rc7 Rh2 57. Rc8 Kd3 58. Kc1 c3 59. Kb1 Rh1+ 60. Ka2 c2 61. Ra8 0-1

[Event "WCCC U10 2019"]
[Site "Weifang"]
[Date "2019.08.24"]
[Round "4.2"]
[White "Kong, Xiangrui"]
[Black "Yu, Tianxi"]
[Result "1-0"]
[ECO "B78"]
[WhiteElo "1889"]
[BlackElo "1694"]
[Annotator "NA"]
[PlyCount "93"]
[EventDate "2019.08.21"]
[EventType "swiss"]
[EventCountry "CHN"]
[SourceTitle "playchess.com"]
[Source "ChessBase"]
[SourceQuality "1"]
[TimeControl "40/5400+30:1800+30"]

1. e4 c5 2. Nf3 d6 3. d4 cxd4 4. Nxd4 Nf6 5. Nc3 g6 6. Be3 Bg7 7. f3 O-O 8. Qd2 Nc6 9. Bc4 Bd7 10. O-O-O Rc8 11. Bb3 Nxd4 12. Bxd4 b5 13. e5 {[%emt 0:00:05] B78: Sicilian Dragon: Yugoslav Attack, 9 Bc4 Bd7 10 0-0-0 Rc8} (13. Nd5 Nxd5 14. Bxg7 Kxg7 15. exd5 a5 16. a3 Kg8 17. Rhe1 Rc5 18. Re3 b4 19. axb4 axb4 20. Qxb4 Qa8 21. Kd2 {½-½ (46) Alekseenko,K (2609)-Vocaturo,D (2620) Batumi 2018}) 13... dxe5 14. Bxe5 Bc6 15. Qxd8 Rfxd8 16. a3 e6 17. Kb1 $146 ({Predecessor:} 17. Bd4 a6 18. Bb6 Bh6+ 19. Kb1 Rd2 20. Rxd2 Bxd2 {½-½ (37) Zambrana,O (2473)-Zapata Ferrada,M (2378) Mar del Plata 2009}) 17... Nd7 18. Bxg7 Kxg7 19. Ne2 Nc5 20. Ba2 e5 21. Nc3 e4 22. b4 Na4 23. Nxa4 bxa4 24. Rxd8 Rxd8 25. fxe4 Bxe4 26. Re1 f5 27. Re2 Kf6 28. Kb2 h5 29. c4 h4 30. c5 g5 31. Bb1 Ke5 32. Bc2 g4 33. Bxa4 $11 g3 34. h3 f4 35. Bc2 Rd4 36. c6 f3 37. gxf3 g2 38. c7 g1=Q 39. c8=Q Qg7 40. Qc3 Kd5 41. Bxe4+ Kd6 42. Qc5+ Ke6 43. Bf5+ Kf7 44. Qe7+ Kg8 45. Qe8+ Qf8 46. Qg6+ Qg7 47. Re8# 1-0

[Event "WCCC U10 2019"]
[Site "Weifang"]
[Date "2019.08.24"]
[Round "4.3"]
[White "Xiong, Junyi"]
[Black "Mamedov, Edgar"]
[Result "0-1"]
[ECO "B15"]
[WhiteElo "1440"]
[BlackElo "1714"]
[Annotator "NA"]
[PlyCount "106"]
[EventDate "2019.08.21"]
[EventType "swiss"]
[EventCountry "CHN"]
[SourceTitle "playchess.com"]
[Source "ChessBase"]
[SourceQuality "1"]
[TimeControl "40/5400+30:1800+30"]

1. e4 c6 2. d4 d5 3. Nc3 dxe4 4. Nxe4 Nf6 5. Ng3 Na6 6. Nf3 Nc7 7. Be2 Bg4 8. O-O e6 9. c3 Bd6 10. Bg5 h6 11. Bxf6 Qxf6 12. Ne5 Bxe2 13. Qxe2 Bxe5 14. dxe5 Qe7 15. Qg4 Qg5 16. Qxg5 hxg5 17. Ne4 g4 18. Nd6+ Ke7 19. f3 gxf3 20. Rxf3 f5 21. Nxb7 Rhb8 22. Na5 Rxb2 23. Nxc6+ Kf7 24. Rd1 Nd5 25. c4 Nb6 26. c5 Nd5 27. Ra3 a6 28. Nd4 Nf4 29. Rg3 Rd8 30. Kf1 Rb4 31. Rxg7+ Kxg7 32. Nxf5+ exf5 33. Rxd8 Rc4 34. Ra8 Rc1+ 35. Kf2 Nd3+ 36. Kg3 Nxc5 37. Ra7+ Kg6 38. e6 Re1 39. e7 Re6 40. h4 Kf6 41. Rc7 Nd3 42. Ra7 Re3+ 43. Kh2 Rxe7 44. Rxa6+ Ke5 45. h5 Rh7 46. g4 f4 47. Kg2 Ke4 48. Re6+ Ne5 49. h6 Ra7 50. a4 Rxa4 51. h7 Ra8 52. g5 Kf5 53. Rh6 Rh8 0-1

[Event "WCCC U10 2019"]
[Site "Weifang"]
[Date "2019.08.24"]
[Round "4.4"]
[White "Vetokhin, Savva"]
[Black "Wei, Jianzhou"]
[Result "0-1"]
[ECO "C03"]
[WhiteElo "2016"]
[BlackElo "1656"]
[Annotator "NA"]
[PlyCount "80"]
[EventDate "2019.08.21"]
[EventType "swiss"]
[EventCountry "CHN"]
[SourceTitle "playchess.com"]
[Source "ChessBase"]
[SourceQuality "1"]
[TimeControl "40/5400+30:1800+30"]

1. e4 e6 2. d4 d5 3. Nd2 Be7 4. Bd3 c5 5. dxc5 Nf6 6. Qe2 O-O 7. Ngf3 {[%emt 0:00:38] C03: French Tarrasch: Unusual Black 3rd moves} a5 8. O-O Na6 9. e5 Nd7 10. Nb3 (10. c4 Ndxc5 11. Bb1 d4 12. Rd1 d3 13. Qe3 b6 14. Ne1 Bb7 15. Nxd3 {½-½ (57) Liang,A (2552)-So,W (2786) Saint Louis 2018}) 10... Naxc5 11. Nbd4 Nxd3 12. cxd3 Nc5 13. Bf4 Bd7 14. g3 $146 ({Predecessor:} 14. Rac1 Rc8 {1-0 (33) Zaragatski,I (2325)-Sielecki,C (2385) Germany 2003}) 14... b5 15. h4 b4 16. Bg5 Rc8 17. Bxe7 Qxe7 18. Ng5 f6 19. Ngf3 Be8 20. Qe3 Bg6 $11 21. Rfd1 Qf7 22. Nb5 Qd7 23. Nd6 Rc7 24. Rac1 Nxd3 25. Rxc7 Qxc7 26. Rxd3 Bxd3 27. Qxd3 fxe5 28. Ng5 e4 29. Ndxe4 dxe4 30. Qxe4 g6 31. Qxe6+ Kh8 32. Qe3 Rc8 33. Qe6 Rf8 34. Qe3 Rd8 35. Kh2 Qd7 36. Qe5+ Kg8 37. Ne4 Qf5 38. Nf6+ Kh8 39. Qe7 Qxf2+ 40. Kh3 Qf1+ 0-1

[Event "WCCC U10 2019"]
[Site "Weifang"]
[Date "2019.08.24"]
[Round "4.5"]
[White "Raghu Ram Reddy Seelam"]
[Black "Ilamparthi, A."]
[Result "0-1"]
[ECO "B76"]
[WhiteElo "1631"]
[BlackElo "1984"]
[Annotator "NA"]
[PlyCount "54"]
[EventDate "2019.08.21"]
[EventType "swiss"]
[EventCountry "CHN"]
[SourceTitle "playchess.com"]
[Source "ChessBase"]
[SourceQuality "1"]
[TimeControl "40/5400+30:1800+30"]

1. e4 c5 2. Nf3 d6 3. d4 cxd4 4. Nxd4 Nf6 5. Nc3 g6 6. Be3 Bg7 7. f3 O-O 8. Qd2 Nc6 9. O-O-O d5 10. Qe1 e5 11. Nxc6 bxc6 12. exd5 Nxd5 13. Bc4 Be6 14. Kb1 Rb8 15. Ne4 Qc7 16. Bc5 Rfd8 17. g4 h6 18. h4 f5 19. gxf5 gxf5 20. Nc3 e4 $14 21. Kc1 Qf4+ 22. Be3 Nxe3 23. Bxe6+ Kh7 24. Rxd8 Rxd8 25. Ne2 Qe5 26. Qc3 exf3 27. Ng3 Qxe6 0-1